 Dungeon Crawl Stone Soup version 0.31.0-11-ge490571c62 (webtiles) character file.

Game seed: 4538219066154100353

270 qw the Shooter (level 6, 0/30 HPs)
             Began as a Spriggan Hunter on Feb 4, 2024.
             Succumbed to a scorpion's poison
             ... on level 5 of the Dungeon.
             The game lasted 00:00:11 (2598 turns).

qw the Shooter (Spriggan Hunter)                    Turns: 2598, Time: 00:00:11

Health: 0/30       AC:  2    Str:  7    XL:     6   Next: 1%
Magic:  2/7        EV: 20    Int: 11    God:
Gold:   66         SH:  0    Dex: 20    Spells: 5/5 levels left

rFire   . . .        a - +2 shortbow
rCold   . . .        (shield currently unavailable)
rNeg    . . .        c - +0 robe
rPois   .            (helmet restricted)
rElec   .            (no cloak)
rCorr   .            (gloves unavailable)
SInv    +            (boots unavailable)
Will    +....        g - amulet of guardian spirit
Stlth   ++           (no ring)
HPRegen 0.25/turn    (no ring)
MPRegen 0.10/turn

%: guardian spirit
@: lethally poisoned (0 -> -4), very quick
A: very small, no large weapons, unfitting armour, see invisible, speed 3
a: no special abilities


You were on level 5 of the Dungeon.
You visited 1 branch of the dungeon, and saw 5 of its levels.

You collected 196 gold pieces.
You spent 130 gold pieces at shops.


Innate Abilities, Weirdness & Mutations

You are very small and have problems with some larger weapons.
You are too small for most types of armour.
You have supernaturally acute eyesight. (SInv)
You cover ground extremely quickly. (Speed+++)


   Skills:
 - Level 2.0 Fighting
 - Level 6.1 Ranged Weapons
 + Level 5.4 Dodging
 - Level 1.5 Stealth


You had 5 spell levels left.
You didn't know any spells.
Your spell library was empty.

Inventory:

Hand Weapons
 a - a +2 shortbow (weapon)
Armour
 c - a +0 robe (worn)
Jewellery
 g - an amulet of guardian spirit (around neck)
Wands
 b - a wand of charming (5)
 m - a wand of flame (9)
Scrolls
 d - 2 scrolls of enchant armour
 f - a scroll of revelation {unknown}
 i - 2 scrolls of teleportation
Potions
 e - a potion of enlightenment
 k - a potion of curing
 l - a potion of mutation {unknown}
 n - a potion of lignification {unknown}

Dungeon Overview and Level Annotations

Branches:
Dungeon (5/15)
 Temple: D:4-7

Altars:
Sif Muna
Wu Jian

Shops:
D:4 ?


Message History

The scorpion is moderately wounded.
The scorpion misses you. The scorpion stings you.
You are poisoned.
The scorpion poisons you!
You shoot an arrow. The arrow hits the scorpion.
The scorpion is heavily wounded.
You feel very sick. The scorpion stings you.
You are lethally poisoned!
The scorpion poisons you!
You shoot an arrow. The arrow hits the scorpion.
The scorpion is severely wounded.
You feel very sick. The scorpion completely misses you.
You shoot an arrow. The arrow closely misses the scorpion.
You feel very sick. The scorpion barely misses you. x2
You shoot an arrow.
The arrow hits the scorpion but does no damage.
The scorpion is severely wounded.
You feel very sick. The scorpion stings you.
2594 ||| READING 3 scrolls of teleportation.
As you read the scroll of teleportation, it crumbles to dust.
You feel strangely unstable.
You feel very sick. The scorpion completely misses you.
You shoot an arrow.
The arrow completely misses the scorpion.
You feel sick. The scorpion barely misses you.
You shoot an arrow. The arrow closely misses the scorpion.
You feel sick. The scorpion stings you.
You shoot an arrow. The arrow hits the scorpion.
The scorpion is almost dead.
You feel sick. The scorpion barely misses you. The scorpion misses you.
You shoot an arrow. The arrow hits the scorpion!
You kill the scorpion!
Your surroundings suddenly seem different.
Found a ring mail and a hand axe.
You die...

... .. ....
#.... #..
)..#...###.....
##..
..[#...........
....
#..............
....
##.............
....
...............
....
#..............
....
.......@.......
....
.....##........
.... #..
##...........
.... #
................
................
................
................
.............##.
........gg.


There were no monsters in sight!

Vanquished Creatures
  A scorpion (D:5)
  A bombardier beetle (D:4)
  2 jellies (D:4)
  5 gnolls
  4 adders
  3 dart slugs
  5 orcs
  6 ball pythons
  6 endoplasms
  4 giant cockroaches
  8 goblins
  8 hobgoblins
  7 jackals
  3 quokkas
  11 bats
  2 frilled lizards
  4 kobolds
  A rat (D:1)
81 creatures vanquished.

Notes
Turn   | Place    | Note
-------+----------+-------------------------------------------
     0 | D:1      | qw the Spriggan Hunter began the quest for the Orb.
     0 | D:1      | Reached XP level 1. HP: 10/10 MP: 2/2
     0 | D:1      | 0 ||| qw: Version: 0.3-a-160-g6735b56
     0 | D:1      | 0 ||| qw: Game counter: 4512
     0 | D:1      | 0 ||| qw: Melee chars always use a shield: true
     0 | D:1      | 0 ||| qw: God list: Okawaru
     0 | D:1      | 0 ||| qw: Allow faded altars: false
     0 | D:1      | 0 ||| qw: Do Orc after clearing Dungeon:15 true
     0 | D:1      | 0 ||| qw: Do second Lair branch before Depths: true
     0 | D:1      | 0 ||| qw: Lair rune preference: random
     0 | D:1      | 0 ||| qw: Goals: Normal
     0 | D:1      | 0 ||| PLANNING D:1-11
     2 | D:1      | Noticed a human
     4 | D:1      | Noticed an elf
     4 | D:1      | Noticed a formicid
     6 | D:1      | Noticed an oni
     6 | D:1      | Noticed a troll
     8 | D:1      | Noticed a spriggan
     8 | D:1      | Noticed a tengu
    10 | D:1      | Noticed a demigod
    12 | D:1      | Noticed a draconian
    12 | D:1      | Noticed a felid
    14 | D:1      | Noticed a demonspawn
    14 | D:1      | Noticed a djinni
    16 | D:1      | Noticed a naga
    16 | D:1      | Noticed a vampire
    18 | D:1      | Noticed a ghoul
    18 | D:1      | Noticed a minotaur
    21 | D:1      | Noticed a barachi
    24 | D:1      | Noticed an armataur
    24 | D:1      | Noticed a merfolk
    26 | D:1      | Noticed a gargoyle
    26 | D:1      | Noticed a vine stalker
    28 | D:1      | Noticed an octopode
    40 | D:1      | Reached skill level 3 in Dodging
    84 | D:1      | Reached XP level 2. HP: 14/14 MP: 3/3
   508 | D:1      | Reached XP level 3. HP: 18/18 MP: 4/4
   563 | D:1      | 563 ||| UPGRADING to amulet of guardian spirit.
   568 | D:1      | 568 ||| READING 3 scrolls labelled OCKOUGA ZEACERI.
   568 | D:1      | 568 ||| ENCHANTING +0 shortbow.
   569 | D:1      | 569 ||| READING scroll labelled SAVIGU UDOQIX.
   569 | D:1      | 569 ||| ENCHANTING +0 shortbow.
   570 | D:1      | 570 ||| DROPPING scroll of butterflies.
   624 | D:2      | Reached skill level 5 in Ranged Weapons
   637 | D:2      | Reached XP level 4. HP: 22/22 MP: 5/5
  1093 | D:2      | 1093 ||| READING scroll labelled HOUBYI TIRRIT.
  1094 | D:2      | 1094 ||| READING scroll labelled SIJO VAITWOLU.
  1195 | D:2      | 1195 ||| READING scroll labelled DALUMO AJY.
  1196 | D:2      | 1196 ||| READING scroll labelled KUF XOADIOTENG.
  1326 | D:3      | Found a faded altar of an unknown god.
  1496 | D:3      | Found a shimmering blue altar of Sif Muna.
  1595 | D:3      | 1595 ||| READING scroll labelled INKUFU PAILYLL.
  1596 | D:3      | 1596 ||| READING 2 scrolls labelled HETAWI AD GUM.
  1597 | D:3      | 1597 ||| READING scroll labelled BAEDEYNIASCH.
  1597 | D:3      | 1597 ||| IDENTIFYING silvery potion
  1598 | D:3      | 1598 ||| DROPPING potion of ambrosia.
  1599 | D:3      | 1599 ||| DROPPING scroll of immolation.
  1754 | D:4      | Reached XP level 5. HP: 26/26 MP: 6/6
  1857 | D:4      | 1857 ||| READING scroll of enchant weapon.
  1857 | D:4      | 1857 ||| ENCHANTING +1 shortbow.
  1977 | D:4      | Reached skill level 6 in Ranged Weapons
  2045 | D:4      | Found Meyhiral's Magic Scroll Shop.
  2048 | D:4      | 2048 ||| BUYING scroll of identify (20 gold).
  2048 | D:4      | Bought a scroll of identify for 20 gold pieces
  2048 | D:4      | 2048 ||| BUYING scroll of identify (20 gold).
  2048 | D:4      | Bought a scroll of identify for 20 gold pieces
  2048 | D:4      | 2048 ||| BUYING scroll of identify (20 gold).
  2048 | D:4      | Bought a scroll of identify for 20 gold pieces
  2048 | D:4      | 2048 ||| BUYING scroll of identify (20 gold).
  2048 | D:4      | Bought a scroll of identify for 20 gold pieces
  2048 | D:4      | 2048 ||| BUYING scroll of identify (20 gold).
  2048 | D:4      | Bought a scroll of identify for 20 gold pieces
  2048 | D:4      | 2048 ||| BUYING scroll of teleportation (30 gold).
  2048 | D:4      | Bought a scroll of teleportation for 30 gold pieces
  2224 | D:4      | 2224 ||| READING 5 scrolls of identify.
  2224 | D:4      | 2224 ||| IDENTIFYING red potion
  2225 | D:4      | 2225 ||| READING 4 scrolls of identify.
  2225 | D:4      | 2225 ||| IDENTIFYING blue potion
  2226 | D:4      | 2226 ||| READING 3 scrolls of identify.
  2226 | D:4      | 2226 ||| IDENTIFYING puce potion
  2227 | D:4      | 2227 ||| READING 2 scrolls of identify.
  2227 | D:4      | 2227 ||| IDENTIFYING fizzy dark potion
  2228 | D:4      | 2228 ||| READING scroll of identify.
  2228 | D:4      | 2228 ||| IDENTIFYING coppery potion
  2229 | D:4      | 2229 ||| DROPPING potion of attraction.
  2230 | D:4      | 2230 ||| DROPPING potion of brilliance.
  2269 | D:5      | Entered Level 5 of the Dungeon
  2398 | D:5      | Found an ornate altar of the Wu Jian Council.
  2399 | D:5      | 2399 ||| READING scroll labelled JORINA YNOANK.
  2515 | D:5      | Reached XP level 6. HP: 30/30 MP: 7/7
  2521 | D:5      | HP: 4/30 [gnoll/+0 club[a gnoll bouda] (5)]
  2522 | D:5      | 2522 ||| READING 4 scrolls of teleportation.
  2523 | D:5      | 2523 ||| DRINKING potion of heal wounds.
  2593 | D:5      | HP: 7/30 [scorpion (3)]
  2594 | D:5      | 2594 ||| READING 3 scrolls of teleportation.
  2595 | D:5      | HP: 3/30 [poisoned by a scorpion]
  2596 | D:5      | HP: 1/30 [poisoned by a scorpion]
  2598 | D:5      | Succumbed to a scorpion's poison

Levels and vault maps discovered:
D:1:      kb_arrival_jail, layout_basic, chequers_arboretum, serial_park_tiny_1
D:2:      layout_loops_ring
D:3:      layout_rooms, lemuel_round_altar,
          hellmonk_ecumenical_altar_pennies_from_heaven,
          kennysheep_generic_room_4
D:4:      layout_loops_ring, serial_shops, nicolae_shop_pleasant_corner_grove,
          uniq_crazy_yiuf_cottage
D:5:      layout_cave_pools, nicolae_wu_jian_immortal_techniques,
          eino_small_chamber_without_monster, nicolae_tricolors, uniq_edmund

Skill      XL: |  1  2  3  4  5 |
---------------+----------------+-----
Dodging        | 3 4 5 |  5.4
Ranged Weapons | 5 6 |  6.1
Fighting       | 2 |  2.0
Stealth        | |  1.5

Action                     |  1- 3 |  4- 6 || total
---------------------------+-------+-------++-------
   Fire: Shortbow          |    82 |   149 ||   231
    Use: Scroll            |     2 |    16 ||    18
         Potion            |       |     1 ||     1
 Armour: Robe              |     4 |    19 ||    23
  Dodge: Dodged            |    20 |    52 ||    72

Table legend:
 A = Non-vault XP
 B = Vault XP
 C = Vault XP percentage of total XP
 D = Non-vault monster count
 E = Vault monster count
 F = Vault count percentage of total count
                 A         B        C        D         E       F
            +---------+---------+-------+---------+---------+-------
      Total |     474 |       0 |   0.0 |      81 |       0 |   0.0
            +---------+---------+-------+---------+---------+-------
        D:1 |      47 |       0 |   0.0 |      27 |       0 |   0.0
        D:2 |      87 |       0 |   0.0 |      21 |       0 |   0.0
        D:3 |      29 |       0 |   0.0 |      11 |       0 |   0.0
        D:4 |     175 |       0 |   0.0 |      15 |       0 |   0.0
        D:5 |     136 |       0 |   0.0 |       7 |       0 |   0.0
            +---------+---------+-------+---------+---------+-------
